 Dungeon Crawl Stone Soup version 0.20-a0-1016-g241539b (webtiles) character file.

1543 FastMan the Cleaver (level 8, -1/111 HPs)
             Began as a Minotaur Berserker on Apr 16, 2017.
             Was a Priest of Trog.
             Slain by a gnoll
             ... wielding a +0 trident
              (7 damage)
             ... in a bailey.
             The game lasted 00:02:53 (4127 turns).

FastMan the Cleaver (Minotaur Berserker)            Turns: 4127, Time: 00:02:53

Health: -1/111     AC: 10    Str: 28    XL:     8   Next: 56%
Magic:  7/7        EV:  9    Int:  4    God:    Trog [***...]
Gold:   219        SH:  0    Dex: 11    Spells: 7/7 levels left

rFire    . . .     SeeInvis .   l - +0 war axe
rCold    . . .     Gourm    .   (no shield)
rNeg     . . .     Faith    .   u - +0 chain mail
rPois    .         Spirit   .   (helmet restricted)
rElec    .         Reflect  .   q - +1 cloak
rCorr    .         Harm     .   (no gloves)
MR       .....                  (no boots)
Stlth    ..........             (no amulet)
Regen    0.3/turn               (no ring)
MPRegen  0.1/turn               (no ring)

@: berserking, very quick
A: retaliatory headbutt, horns 2
a: Berserk, Trog's Hand, Burn Spellbooks, Renounce Religion


You were in a bailey.
You worshipped Trog.
Trog was most pleased with you.
You were hungry.

You visited 1 branch of the dungeon, and saw 7 of its levels.
You also visited: Bailey.

You collected 219 gold pieces.

Inventory:

Hand Weapons
 a - a +0 hand axe
 l - a +0 war axe (weapon)
Armour
 b - a +0 animal skin
 q - a +1 cloak (worn)
 u - a +0 chain mail (worn)
Scrolls
 f - 3 scrolls of enchant armour
 g - a scroll of fear {unknown}
 h - 2 scrolls of fog {unknown}
 i - 5 scrolls of remove curse {@r2}
Potions
 e - a potion of might {@q4}
 j - a potion of invisibility
 k - a potion of agility {@q5}
 n - 4 potions of curing {@q1}
 o - a potion of berserk rage {unknown}
 p - a potion of degeneration {unknown}
 r - a potion of heal wounds {unknown}
 s - a potion of mutation {unknown}
Comestibles
 c - 2 bread rations {@e1}
 d - 4 fruits {@e4}
 m - 2 meat rations {@e2}
 t - 5 chunks of flesh


   Skills:
 + Level 8.2 Fighting
 * Level 11.0 Axes
 - Level 2.4 Armour
 - Level 2.1 Dodging


You had 7 spell levels left.
You didn't know any spells.

Dungeon Overview and Level Annotations

Branches:
Dungeon (7/15)             Temple (0/1) D:6

Altars:
Fedhas
Gozag
Nemelex Xobeh


Innate Abilities, Weirdness & Mutations

You reflexively headbutt those who attack you in melee.
You have a pair of horns on your head.


Message History

* * * LOW HITPOINT WARNING * * *
The gnoll sergeant closely misses you. You furiously retaliate!
You headbutt the gnoll sergeant!
The gnoll shaman hits you but does no damage.
The gnoll completely misses you.
You are too injured to fight recklessly!
You are too injured to fight recklessly!
You are too injured to fight recklessly!
You are too injured to fight recklessly!
Unknown command.
You closely miss the gnoll sergeant. You headbutt the gnoll sergeant!
The gnoll sergeant is heavily wounded.
You slice the gnoll shaman!!
You kill the gnoll shaman!
Trog accepts your kill.
You hit the gnoll sergeant. x2
The gnoll sergeant hits you with a glaive.
* * * LOW HITPOINT WARNING * * *
The gnoll hits you from afar with a trident!
You die...

#....)#)).#
#8..))##'##
#....##...##
#...##.....##
#...#.......#
###'#..)8)).#
#...#....)..#
#.g.##.....##
#.g@)##...##
#8.)gg##'##
#.....#...#
#####+#(..# #...#
.######'''######.≈
.................≈
≈...............≈≈
≈≈≈≈≈≈≈).)≈≈≈≈≈≈≈♣


You could see 3 gnoll sergeants and a gnoll.

Vanquished Creatures
  Pikel (D:4)
  2 sky beasts (D:6)
  A phantom (D:6)
  3 slaves (D:4)
  An ogre (D:7)
  Blork the orc (D:4)
  2 gnoll sergeants (Bailey)
  A crimson imp (D:6)
  3 hounds
  4 gnoll shamans (Bailey)
  Crazy Yiuf (D:5)
  An orc wizard (D:4)
  An iguana (D:6)
  7 adders
  10 gnolls (Bailey)
  A shadow imp (D:7)
  An ooze (D:7)
  2 worms
  3 dart slugs
  6 leopard geckos
  15 orcs
  4 giant cockroaches
  10 goblins
  2 hobgoblins (D:3)
  7 jackals
  6 quokkas
  3 bats (D:1)
  2 frilled lizards (D:1)
  3 kobolds
  A quokka zombie (D:4)
  2 rats
107 creatures vanquished.

Vanquished Creatures (others)
  A phantom (D:4)
1 creature vanquished.

Grand Total: 108 creatures vanquished

Notes
Turn   | Place    | Note
-------+----------+-------------------------------------------
     0 | D:1      | FastMan the Minotaur Berserker began the quest for the Orb.
     0 | D:1      | Reached XP level 1. HP: 19/19 MP: 0/0
    70 | D:1      | Reached skill level 4 in Axes
   115 | D:1      | Reached XP level 2. HP: 24/27 MP: 1/1
   348 | D:1      | Reached XP level 3. HP: 22/33 MP: 2/2
   631 | D:2      | Reached ** piety under Trog
   944 | D:3      | Reached skill level 5 in Axes
  1005 | D:3      | Reached XP level 4. HP: 29/41 MP: 3/3
  1214 | D:3      | Found a blossoming altar of Fedhas.
  1584 | D:4      | Noticed Blork the orc
  1595 | D:4      | Killed Blork the orc
  1595 | D:4      | Reached skill level 5 in Fighting
  1595 | D:4      | Reached skill level 6 in Axes
  1595 | D:4      | Reached XP level 5. HP: 48/48 MP: 4/4
  1936 | D:4      | Noticed Pikel
  1936 | D:4      | Noticed a slave
  1936 | D:4      | Noticed a slave
  1936 | D:4      | Noticed a slave
  1936 | D:4      | Noticed a slave
  1942 | D:4      | Killed a slave
  1944 | D:4      | Killed a slave
  1945 | D:4      | Killed a slave
  1946 | D:4      | Killed Pikel
  1946 | D:4      | Reached skill level 8 in Axes
  1946 | D:4      | Reached XP level 6. HP: 27/58 MP: 5/5
  1946 | D:4      | Reached XP level 7. HP: 30/64 MP: 6/6
  2443 | D:5      | Entered Level 5 of the Dungeon
  2542 | D:5      | Found a runed door.
  2583 | D:5      | Noticed Crazy Yiuf
  2587 | D:5      | Killed Crazy Yiuf
  2666 | D:5      | Found an opulent altar of Gozag.
  2932 | D:5      | Reached *** piety under Trog
  3120 | D:6      | Found a sparkling altar of Nemelex Xobeh.
  3141 | D:6      | Found a staircase to the Ecumenical Temple.
  3269 | D:6      | Reached skill level 9 in Axes
  3769 | D:6      | Reached XP level 8. HP: 73/73 MP: 7/7
  3831 | D:7      | Found a flagged portal.
  3834 | D:7      | Reached skill level 10 in Axes
  3867 | Bailey   | Entered a bailey
  4126 | Bailey   | Reached skill level 11 in Axes
  4127 | Bailey   | Slain by a gnoll

Vault maps used:
D:1:      ncdulo_smallfort, st_stairs_8, fountainhead
D:2:      okawaru_metal_pillars_1_2, first_bread
D:3:      lemuel_round_altar, lemuel_crystal_altar
D:4:      uniq_pikel, uniq_blork_the_orc, uniq_natasha
D:5:      overflow_temple_1_default, uniq_crazy_yiuf_cottage
D:6:      lemuel_crystal_altar, minmay_temple_entry_glassed_door
D:7:      lemuel_coloured_pillars_altar, enter_bailey_2, uniq_menkaure
Bailey:   bailey_polearm_gnolls_kennysheep, bailey

Skill      XL: |  1  2  3  4  5  6  7  8 |
---------------+-------------------------+-----
Axes           | 4 5 6 8 9 11 | 11.0
Fighting       | 4 5 6 7 8 |  8.2
Armour         | |  2.4
Dodging        | |  2.1

Action                   |  1- 3 |  4- 6 |  7- 9 || total
-------------------------+-------+-------+-------++-------
Melee: Hand axe          |    78 |    50 |     6 ||   134
       Headbutt          |    18 |     8 |    27 ||    53
       War axe           |       |       |    98 ||    98
Invok: Berserk           |     1 |     4 |     6 ||    11
       Trog's Hand       |       |       |     1 ||     1
  Use: Scroll            |       |       |     7 ||     7
 Stab: Distracted        |       |       |     1 ||     1
  Eat: Chunk             |     1 |     6 |     9 ||    16
       Bread ration      |       |       |     1 ||     1
Armor: Animal skin       |    17 |     8 |    11 ||    36
       Chain mail        |       |       |    20 ||    20
Dodge: Dodged            |    49 |    32 |    70 ||   151
